 Dungeon Crawl Stone Soup version 0.21.1-1-g345015f (webtiles) character file.

40 Labyrinth the Firebug (level 3, 0/26 HPs)
             Began as a Draconian Fire Elementalist on July 26, 2018.
             Slain by a crimson imp (3 damage)
             ... on level 2 of the Dungeon.
             The game lasted 00:06:10 (1225 turns).

Labyrinth the Firebug (Draconian Fire Elementalist) Turns: 1225, Time: 00:06:11

Health: 0/26       AC:  5    Str: 11    XL:     3   Next: 30%
Magic:  2/6        EV: 12    Int: 15    God:
Gold:   55         SH:  0    Dex: 11    Spells: 0/6 levels left

rFire    . . .     SeeInvis .   h - +1 dagger (freeze)
rCold    . . .     Gourm    .   (no shield)
rNeg     . . .     Faith    .   (armour unavailable)
rPois    .         Spirit   .   (helmet restricted)
rElec    .         Reflect  .   (no cloak)
rCorr    .         Harm     .   (no gloves)
MR       .....                  (no boots)
Stlth    ++........             (no amulet)
HPRegen  0.08/turn              (no ring)
MPRegen  0.10/turn              (no ring)

@: no status effects
A: unfitting armour, cold-blooded, AC +5
a: no special abilities


You were on level 2 of the Dungeon.
You were not hungry.

You visited 1 branch of the dungeon, and saw 2 of its levels.

You collected 55 gold pieces.

Inventory:

Hand Weapons
 c - a +0 hand axe
 h - a +1 dagger of freezing (weapon)
Missiles
 e - 35 arrows
 f - 64 stones (quivered)
Scrolls
 d - a scroll of enchant armour
 g - 2 scrolls of remove curse
Books
 a - a book of Flames

   Spells                             Type                      Level
   a - Flame Tongue                   Conjuration/Fire             1
   b - Throw Flame                    Conjuration/Fire             2
   c - Conjure Flame                  Conjuration/Fire             3
   d - Inner Flame                    Hexes/Fire                   3
   e - Sticky Flame                   Conjuration/Fire             4
   f - Fireball                       Conjuration/Fire             5
Comestibles
 b - 4 rations
 i - 3 chunks of flesh


   Skills:
 + Level 0.1 Fighting
 + Level 0.7 Short Blades
 + Level 2.0 Dodging
 + Level 1.8 Stealth
 + Level 2.4 Spellcasting
 + Level 1.1 Conjurations
 + Level 3.6 Fire Magic


You couldn't memorise any spells.
You knew the following spells:

 Your Spells              Type           Power        Failure   Level  Hunger
a - Flame Tongue          Conj/Fire      #....        8%          1    #......
b - Throw Flame           Conj/Fire      #.....       12%         2    ###....
c - Conjure Flame         Conj/Fire      #.......     24%         3    ###....


Dungeon Overview and Level Annotations

Branches:
Dungeon (2/15)

Altars:


Innate Abilities, Weirdness & Mutations

Your plain brown scales are hard. (AC +5)
You cannot fit into any form of body armour.
You are cold-blooded and may be slowed by cold attacks.


Message History

You throw a stone.
The stone closely misses the crimson imp.
Throwing (i - inventory):
f - 66 stones (quivered)
Press: ? - help, Shift-Dir - straight line, f/p - crimson imp
Aim: a crimson imp You throw a stone.
The stone hits the crimson imp but does no damage.
The crimson imp blinks!
Throwing (i - inventory):
f - 65 stones (quivered)
Press: ? - help, Shift-Dir - straight line, f/p - crimson imp
Aim: a crimson imp You throw a stone.
The stone barely misses the crimson imp.
The crimson imp closely misses you.
You hit the crimson imp. You freeze the crimson imp.
The crimson imp is moderately wounded.
You hit the crimson imp. You freeze the crimson imp.
The crimson imp is moderately wounded.
The crimson imp hits you.
You die...

##....###.##.##.....####
.........)......(.......
##.#..###.......(...####
##.##.# #.##.##.....#
...##># #.##.##.....#
##.##.# #.##.##.....#
....... .....##(....#
##.##.# #.#####.5...#
##.##.# #.# #.@...# #
............... #
.############## . #


You could see a crimson imp.

Vanquished Creatures
  A leopard gecko (D:1)
  4 bats
  3 giant cockroaches (D:1)
  9 goblins
  4 hobgoblins
  4 jackals (D:1)
  5 kobolds
  A ball python (D:1)
  3 frilled lizards (D:1)
  2 rats (D:1)
36 creatures vanquished.

Notes
Turn   | Place    | Note
-------+----------+-------------------------------------------
     0 | D:1      | Labyrinth the Draconian Fire Elementalist began the quest for the Orb.
     0 | D:1      | Reached XP level 1. HP: 14/14 MP: 3/3
   160 | D:1      | Reached XP level 2. HP: 17/20 MP: 0/5
   164 | D:1      | Learned a level 2 spell: Throw Flame
   732 | D:1      | Reached XP level 3. HP: 26/26 MP: 4/6
   737 | D:1      | Learned a level 3 spell: Conjure Flame
  1225 | D:2      | Slain by a crimson imp

Skill      XL: |  1  2 |
---------------+-------+-----
Dodging        | 2 |  2.0
Fighting       | |  0.1
Short Blades   | |  0.7
Stealth        | |  1.8
Spellcasting   | |  2.4
Conjurations   | |  1.1
Fire Magic     | |  3.6

Action                   || total
-------------------------++-------
Melee: Dagger            ||   102
       Tailslap          ||     9
Throw: Stone             ||     4
 Cast: Flame Tongue      ||    38
       Throw Flame       ||     9
  Use: Scroll            ||     3
  Eat: Chunk             ||     2
Armor: Skin              ||    28
Dodge: Dodged            ||    69
